 Dungeon Crawl Stone Soup version 0.30-a0-782-ge64f9170bb (webtiles) character file.

Game seed: 8122138896285551063

0 theswoord the Chiller (level 1, 0/15 HPs)
             Began as a Naga Ice Elementalist on Mar 17, 2023.
             Slain by a jackal (2 damage)
             ... on level 1 of the Dungeon.
             The game lasted 00:00:07 (51 turns).

theswoord the Chiller (Naga Ice Elementalist)         Turns: 51, Time: 00:00:07

Health: 0/15       AC:  1    Str: 10    XL:     1   Next: 10%
Magic:  0/3        EV:  9    Int: 15    God:
Gold:   11         SH:  0    Dex: 11    Spells: 3/4 levels left

rFire   . . .      SeeInvis +    (no weapon)
rCold   . . .      Faith    .    (no shield)
rNeg    . . .      Spirit   .    a - +0 robe
rPois   +          Reflect  .    (no helmet)
rElec   .          Harm     .    (no cloak)
rCorr   .          Rampage  .    (no gloves)
Will    .....                    (no barding)
Stlth   ++                       (no amulet)
HPRegen 0.22/turn                (no ring)
MPRegen 0.08/turn                (no ring)

@: very slow
A: AC +0, large, see invisible, deformed body, poison resistance, slowness 2,
spit poison 1, naga tail 1
a: Spit Poison


You were on level 1 of the Dungeon.
You visited 1 branch of the dungeon, and saw 1 of its levels.

You collected 11 gold pieces.

Inventory:

Armour
 a - a +0 robe (worn)
Potions
 b - a potion of magic


   Skills:
 - Level 1.5 Dodging
 - Level 3.0 Stealth
 + Level 2.0 Spellcasting
 + Level 4.0 Ice Magic


You had 3 spell levels left.
You knew the following spells:

 Your Spells              Type           Power      Damage    Failure   Level
a - Freeze                Ice            52%        1d6       4%          1

Your spell library contained the following spells:

 Spells                   Type           Power      Damage    Failure   Level
 Frozen Ramparts          Ice            26%        1d4       13%         3
 Ozocubu's Armour         Ice            13%        N/A       13%         3
 Summon Ice Beast         Ice/Summ       7%         N/A       67%         4


Dungeon Overview and Level Annotations

Branches:
Dungeon (1/15)

Altars:


Innate Abilities, Weirdness & Mutations

Your serpentine skin is tough. (AC +0)
You have supernaturally acute eyesight. (SInv)
Armour fits poorly on your strangely shaped body.
Your system is resistant to poisons. (rPois)
You cover ground very slowly.
You can spit poison.
You have a snake-like lower body.


Message History

Found a pair of boots.
The kobold throws a stone.
The stone hits you.
The jackal moves out of view.
Aim: a bat You freeze the bat.
The bat completely misses you.
You closely miss the bat.
The goblin shouts!
The bat hits you. The jackal closely misses you. The bat hits you.
The jackal barely misses you.
Aim: a bat You freeze the bat.
The bat hits you.
The jackal bites you but does no damage.
You closely miss the jackal. The jackal closely misses you.
The jackal bites you. The bat hits you but does no damage.
The kobold throws a stone.
The stone hits you.
* * * LOW HITPOINT WARNING * * *
Aim: a bat (severely wounded)
You freeze the bat.
You kill the bat!
The jackal barely misses you.
You hit the jackal but do no damage. The jackal closely misses you.
The ball python barely misses you.
You don't have enough magic to cast this spell.
You hit the jackal but do no damage. The jackal barely misses you.
A ball python comes into view.
The ball python bites you.
* * * LOW HITPOINT WARNING * * *
The jackal bites you.
* * * LOW HITPOINT WARNING * * *
The jackal attacks as you move away! The jackal barely misses you.
The goblin attacks as you move away!
The goblin hits you with a +2 dagger of holy wrath.
* * * LOW HITPOINT WARNING * * *
The ball python bites you but does no damage.
The jackal misses you. The jackal attacks as you move away!
The jackal bites you.
* * * LOW HITPOINT WARNING * * *
The ball python barely misses you. The jackal bites you.
* * * LOW HITPOINT WARNING * * *
The jackal attacks as you move away! The jackal bites you.
You die...

#..# ##.# #># #.#
... #####.# ...
.#.....## ....
.........## .....
..........####.#...
.........@g#.).....
.........hS........
.........K†........
...................
...................
.l...$............
#................
###.....[........
##.....#.....#.


You could see a jackal, a goblin, a ball python, a kobold and a frilled lizard
(asleep).

Vanquished Creatures
  A bat (D:1)
1 creature vanquished.

Notes
Turn   | Place    | Note
-------+----------+-------------------------------------------
     0 | D:1      | theswoord the Naga Ice Elementalist began the quest for the
                  | Orb.
     0 | D:1      | Reached XP level 1. HP: 15/15 MP: 3/3
    51 | D:1      | Slain by a jackal

Action                     || total
---------------------------++-------
  Melee: Unarmed           ||     4
   Cast: Freeze            ||     3
 Armour: Robe              ||     3
  Dodge: Dodged            ||    11

Levels and vault maps discovered:
D:1:      mrwooster_arrival_statue, layout_rooms, minmay_box_of_dots
